 Dungeon Crawl Stone Soup version 0.18.1-1-g2f07953 (webtiles) character file.

621079 Ryco the Blinker (level 27, -10/264 HPs)
             Began as an Octopode Transmuter on May 13, 2016.
             Was the Champion of Makhleb.
             Killed by divine providence
             ... invoked by a daeva
              (15 damage)
             ... in Pandemonium on May 16, 2016.
             The game lasted 07:21:26 (49234 turns).

Ryco the Blinker (Octopode Transmuter)             Turns: 49234, Time: 07:21:27

Health: -10/264    AC: 18    Str: 32    XL:     27
Magic:  1/47       EV: 22    Int: 26    God:    Makhleb [******]
Gold:   1708       SH:  0    Dex: 25    Spells: 11 memorised, 4 levels left

rFire  + . .     SeeInvis +       - Unarmed
rCold  x . .     Gourm    .     (shield currently unavailable)
rNeg   . . .     Faith    .     (helmet currently unavailable)
rPois  +         Spirit   .     H - amulet of regeneration
rElec  .         Dismiss  .     u - ring "Lorph" {+Fly Str+4 Dex+4}
rCorr  .         Reflect  .     T - ring of see invisible
SustAt .         Harm     .     w - ring of Fuviasa {rPois MR+ Dex+2}
MR     +++++     Clarity  +     k - ring of the Madman {Int+3 Dex+2}
Stlth  +.........               C - ring of wizardry
                                t - ring "Kudemny" {rF- MR+ Dex+6}
                                o - ring "Etror" {MR+ AC+2}
                                F - +6 ring of strength

@: dragon-form, flying, very slightly contaminated, glowing, drained, almost
entirely resistant to hostile enchantments, very unstealthy
A: almost no armour, amphibious, 8 rings, (constrict 8), (molten scales 0),
(camouflage 0), blurry vision 1, clarity, clumsy 1, dopey 1, high mp 1,
(gelatinous body 0), evolution 1
a: End Transformation, Minor Destruction, Lesser Servant of Makhleb, Major
Destruction, Greater Servant of Makhleb, Renounce Religion, Breathe Fire
}: 5/15 runes: decaying, silver, abyssal, demonic, gossamer


You were in Pandemonium.
You worshipped Makhleb.
Makhleb was exalted by your worship.
You were very hungry.
You were a fearsome dragon!
You visited 9 branches of the dungeon, and saw 49 of its levels.
You visited Pandemonium 1 time, and saw 11 of its levels.
You visited the Abyss 1 time.
You visited 1 bazaar.
You also visited: Labyrinth, Ice Cave and Wizlab.

You collected 9666 gold pieces.
You spent 7958 gold pieces at shops.

Inventory:

Missiles
 Y - 645 arrows
Armour
 a - the +4 buckler of Shielding {rF+}
   (You found it on level 9 of the Dungeon)

   It protects you from fire.
 y - a +1 buckler of protection (melded)
 Z - a +2 hat (melded)
Magical Staves
 b - an uncursed staff of energy (melded)
Jewellery
 k - the ring of the Madman (on tentacle) {Int+3 Dex+2}
   (You bought it in a shop on level 11 of the Dungeon)

   [ring of dexterity]

   It affects your intelligence (+3).
   It affects your dexterity (+2).
 o - the ring "Etror" (on tentacle) {MR+ AC+2}
   (You bought it in a shop on level 2 of the Orcish Mines)

   [ring of protection]

   It affects your AC (+2).
   It affects your resistance to hostile enchantments.
 r - an uncursed ring of protection from cold
 t - the ring "Kudemny" (on tentacle) {rF- MR+ Dex+6}
   (You acquired it on level 5 of the Vaults)

   [ring of protection from magic]

   It affects your dexterity (+6).
   It makes you vulnerable to fire.
   It affects your resistance to hostile enchantments.
 u - the ring "Lorph" (left foreclaw) {+Fly Str+4 Dex+4}
   (You bought it in a shop on level 2 of the Orcish Mines)

   [ring of flight]

   It affects your strength (+4).
   It affects your dexterity (+4).
   It lets you fly.
 w - the ring of Fuviasa (on tentacle) {rPois MR+ Dex+2}
   (You bought it in a shop on level 2 of the Orcish Mines)

   [ring of poison resistance]

   It affects your dexterity (+2).
   It protects you from poison.
   It affects your resistance to hostile enchantments.
 A - an uncursed ring of resist corrosion
 C - a ring of wizardry (on tentacle)
 F - a +6 ring of strength (on tentacle)
 H - an amulet of regeneration (around neck)
 T - a ring of see invisible (right foreclaw)
 U - an uncursed amulet of magic regeneration
Wands
 v - a wand of disintegration (11/24)
 J - a wand of digging (8/24)
 X - a wand of teleportation (3/9)
Scrolls
 g - 6 scrolls of magic mapping
 l - 8 scrolls of fear
 p - 11 scrolls of teleportation
 s - 3 scrolls of fog
 z - 2 scrolls of blinking
 D - 6 scrolls of summoning
 E - 9 scrolls of identify
 G - 7 scrolls of amnesia
 L - 8 scrolls of immolation
 M - 19 scrolls of recharging
 V - 24 scrolls of remove curse
Potions
 d - 6 potions of brilliance
 e - a potion of heal wounds
 f - 8 potions of agility
 h - 8 potions of haste
 i - 4 potions of flight
 m - 4 potions of might
 n - 12 potions of curing
 q - 6 potions of resistance
 x - a potion of ambrosia
 N - 2 potions of magic
 P - 2 potions of cancellation
 Q - 3 potions of invisibility
 S - 8 potions of berserk rage
Books
 j - a book of Summonings

   Spells                             Type                      Level
   a - Recall                         Summoning/Translocation      3
   b - Aura of Abjuration             Summoning                    5
   c - Summon Demon                   Summoning                    5
   d - Summon Forest                  Summoning/Translocation      5
   e - Summon Mana Viper              Hexes/Summoning              5
   f - Shadow Creatures               Summoning                    6
 W - a Necronomicon

   Spells                             Type                      Level
   a - Haunt                          Necromancy/Summoning         7
   b - Borgnjor's Revivification      Necromancy                   8
   c - Death's Door                   Charms/Necromancy            8
   d - Necromutation                  Transmutation/Necromancy     8
Miscellaneous
 I - a lamp of fire
 O - 4 phantom mirrors
Comestibles
 c - 31 bread rations
 B - a meat ration


   Skills:
 - Level 11.8(10.9) Fighting
 - Level 0.2(0.0) Throwing
 + Level 19.8(18.8) Dodging
 - Level 2.3(1.6) Stealth
 - Level 6.0(5.3) Shields
 + Level 15.8(14.9) Unarmed Combat
 + Level 16.0(15.1) Spellcasting
 * Level 11.7(10.9) Charms
 - Level 13.7(12.8) Summonings
 - Level 0.8(0.1) Necromancy
 - Level 20.3(19.2) Translocations
 - Level 14.8(13.9) Transmutations
 * Level 11.8(10.9) Fire Magic
   Level 3.1(2.4) Ice Magic
 - Level 3.2(2.5) Earth Magic
 * Level 13.6(12.7) Invocations
 - Level 0.4(0.0) Evocations


You had 4 spell levels left.
You knew the following spells:

 Your Spells              Type           Power        Failure   Level  Hunger
a - Apportation           Tloc           #######...   0%          1    None
b - Controlled Blink      Tloc           N/A          3%          8    #######
c - Ring of Flames        Chrm/Fire      ######....   12%         7    ######.
d - Shadow Creatures      Summ           N/A          1%          6    ####...
e - Dragon Form           Trmt           ######....   4%          7    ######.
f - Malign Gateway        Summ/Tloc      #######...   1%          7    ######.
g - Aura of Abjuration    Summ           ######....   1%          5    #......
h - Sticks to Snakes      Trmt           ######..     0%          2    None
q - Regeneration          Chrm/Necr      #####.....   1%          3    None
r - Repel Missiles        Chrm/Air       #####.       1%          2    None
s - Statue Form           Trmt/Erth      ######...    7%          6    ####...


Dungeon Overview and Level Annotations

Branches:
Dungeon (15/15)            Temple (0/1) D:4            Lair (8/8) D:9
  Swamp (4/4) Lair:4       Spider (4/4) Lair:3        Slime (0/6) Lair:8
    Orc (2/2) D:12            Elf (3/3) Orc:2        Vaults (5/5) D:14
  Crypt (3/3) Vaults:3       Tomb (0/3) Crypt:3      Depths (5/5) D:15
    Zot: Depths:5

Altars:
Ashenzari
Kikubaaqudgha
Makhleb
Nemelex Xobeh
Okawaru
Pakellas
Ru
Xom
Zin
Jiyva

Shops:
D:7 (   D:11 =   D:12 ([   Orc:2 [(=%*   Elf:2 !   Elf:3 ?:*:   Vaults:2 }
Vaults:4 ?[}*   Vaults:5 %!?   Depths:3 *   Depths:4 ?

Portals:
Hell: Lair:8 Depths:1 Depths:2 Depths:3
Abyss: Depths:3 Depths:4
Pandemonium: Depths:2 Depths:3
Ziggurat: Depths:2

Annotations:
D:12 need dis


Innate Abilities, Weirdness & Mutations

You cannot wear most types of armour.
You are amphibious.
You can wear up to eight rings at the same time.
((You can use your tentacles to constrict eight enemies at once.))
((Your skin changes colour to match your surroundings (Stealth).))
((Your rubbery body absorbs attacks (AC +1).))
((You are partially covered in molten scales (AC +1).))
Scrolls take you a little longer to read.
You possess an exceptional clarity of mind.
You are clumsy. (Dex -2)
You are dopey. (Int -2)
You have an increased reservoir of magic (+10% MP).
You evolve.


Message History

Found 95 gold pieces.
Unknown command.
Read which item? (? for menu, Esc to quit)
Really read with blurry vision while enemies are nearby?
Makhleb accepts your kill.
You feel a bit more experienced.
The daeva calls down the wrath of Zin upon you.
Zin smites you!
* * * LOW HITPOINT WARNING * * *
You begin reading the scroll.
You continue reading the scroll.
The daeva calls down the wrath of the Shining One upon you.
The Shining One smites you!
* * * LOW HITPOINT WARNING * * *
The daeva calls down the wrath of Zin upon you.
Zin smites you!
* * * LOW HITPOINT WARNING * * *
The daeva moves out of view.
The daeva calls down the wrath of Zin upon you.
Zin smites you!
You die...

,*,,,,,,,,*,,,,,,#......#*,,,,,**
,,,,************##.....A#*,,,,,*
,,*,*,*,*,*,*,*,.....A..##,,,,,*
,,,,+,,,,,,,,,',###..._.!#,,,,,*
,,*,*,*,*,*,*,*,.....A.ยง#*,,,,**
,,,,********######......#*,,,,*
,*,,,,,,,,*,,....#.....!#*,,,**
,,,,,,,**,#$.##.....#..##*,,**
**,,,,,,*,#$.$A.D#.,..#**,,,*
*****,,,,########*###**,*,,*
****,,,,,,,,,,,,,,,,,,**
***,,,,,,,,,,,,,,***
*****,,,,,,,,*** **********


You could see 4 daevas.

Vanquished Creatures
  3 ancient liches
  Mennas (Pan)
  Frederick (Depths:4)
  A caustic shrike (Depths:5)
  2 golden dragons
  2 bone dragons
  3 Tzitzimimeh (Pan)
  Arachne (Spider:4)
  A Brimstone Fiend (Pan)
  Jorgrun (Depths:2)
  An iron giant (Depths:4)
  6 liches
  2 pandemonium lords (Pan)
  An Ice Fiend (Pan)
  3 tentacled monstrosities
  6 Hell Sentinels (Pan)
  3 titans (Vaults:5)
  2 deep elf master archers (Elf:3)
  2 deep elf blademasters
  A quicksilver dragon (Vaults:5)
  6 Executioners (Pan)
  5 tentacled starspawn
  A kraken (Abyss:1)
  6 sphinxes
  An ancient champion (Crypt:1)
  3 storm dragons
  Roxanne (Spider:2)
  8 tengu reavers
  5 shadow dragons
  2 revenants
  Wiglaf (Vaults:5)
  2 blood saints (Pan)
  16 fire giants
  12 frost giants
  2 iron dragons (Depths:4)
  Maud (D:12)
  2 deep elf sorcerers
  Aizul (Depths:1)
  7 emperor scorpions
  4 balrugs
  A warmonger (Pan)
  6 ghost moths
  7 cacodemons
  2 angels
  Louise (Spider:1)
  4 ghouls
  8 vault wardens
  16 ironheart preservers
  A spriggan defender (Depths:1)
  2 reapers
  A deep elf elementalist (Elf:3)
  11 very ugly things
  21 stone giants
  4 war gargoyles (Crypt:3)
  A chaos champion (Pan)
  5 salamander stormcallers
  7 ophanim
  Nessos (Lair:8)
  8 deep elf demonologists
  4 vampire knights
  A black sun (Pan)
  2 lorocyprocas (Pan)
  7 deep elf annihilators
  Azrael (Orc:2)
  A dire elephant (Lair:8)
  8 deep elf death magi
  A white draconian (IceCv)
  3 blizzard demons
  5 spark wasps
  An eidolon (Crypt:3)
  2 green deaths (Pan)
  2 jiangshi (Depths:2)
  7 fire dragons
  A merfolk impaler (Depths:1)
  14 ettins
  A minotaur (Lab)
  4 crystal guardians
  Josephine (Lair:6)
  4 deep elf high priests
  7 entropy weavers
  27 vault guards
  13 hydras
  A naga warrior (Abyss:4)
  6 hell beasts
  9 ice dragons
  7 yaktaur captains
  5 great orbs of eyes
  3 ghost crabs
  4 spriggan air magi (Depths:2)
  A monstrous demonspawn (Pan)
  3 rakshasas
  Erolcha (D:13)
  8 centaur warriors
  The ghost of Twogk the Cruncher, a journeyman GrGl of Okawaru (D:10)
  2 death knights
  6 alligators
  32 dancing weapons
  12 deep troll shamans
  5 ogre magi
  11 tengu warriors
  22 large abominations
  9 deep troll earth magi
  10 death yaks
  5 vampire magi
  A thrashing horror (Abyss:4)
  3 spriggan berserkers
  3 spriggans
  17 hell knights
  12 sun demons
  20 deep elf knights
  6 soul eaters
  2 fire crabs
  A fire crab (shapeshifter) (Vaults:1)
  A shadow wraith (Vaults:3)
  11 small abominations
  19 skeletal warriors
  A spatial maelstrom (Abyss:3)
  5 wretched stars
  Nergalle (Orc:1)
  A salamander mystic (Vaults:3)
  2 unseen horrors (Depths:3)
  7 cherubim
  3 iron trolls
  An anaconda zombie (Crypt:3)
  2 golden dragon zombies (Crypt:3)
  3 giant orange brains
  A shadow demon (Pan)
  32 deep trolls
  14 ironbrand convokers
  3 flayed ghosts
  10 deep elf archers
  2 shambling mangroves
  4 swamp dragons
  3 spriggan druids
  5 gelid demonspawn
  A lindwurm (Lair:8)
  A golden dragon skeleton (Crypt:3)
  3 hill giants
  4 putrid demonspawn (Pan)
  5 harpies (Vaults:2)
  2 sea snakes (shapeshifter)
  8 phantasmal warriors
  8 orc knights
  2 shadow dragon skeletons
  Pikel (D:4)
  5 wizards
  An iron dragon zombie (Crypt:1)
  13 orb spiders
  2 hornets (shapeshifter)
  9 necromancers
  36 ugly things
  33 wolf spiders
  3 griffons
  An orc sorcerer (Elf:1)
  5 salamanders
  An orb spider (shapeshifter) (Depths:2)
  57 deep elf magi
  10 cyclopes
  24 slime creatures
  An iron dragon skeleton (Crypt:3)
  A worldbinder (Abyss:1)
  3 moths of wrath
  13 elephants
  A fire giant skeleton (Crypt:3)
  A black mamba (shapeshifter) (Vaults:4)
  15 hornets
  A moth of wrath (shapeshifter) (Depths:3)
  6 sixfirhies (Pan)
  An octopode (shapeshifter) (Depths:3)
  2 centaur zombies
  A guardian serpent (Abyss:4)
  14 smoke demons
  11 spiny frogs
  9 black mambas
  A rust devil (WizLab)
  A dire elephant zombie (Crypt:1)
  A guardian serpent (shapeshifter) (D:15)
  10 vault sentinels
  An ice statue (IceCv)
  A pale draconian zombie (Crypt:2)
  2 gargoyles
  A torpor snail (Spider:4)
  A spiny frog (shapeshifter) (D:15)
  A shock serpent skeleton (Crypt:1)
  12 orange demons
  5 kobold demonologists
  3 hellions
  5 rime drakes
  40 yaktaurs
  A komodo dragon (shapeshifter) (D:15)
  7 komodo dragons
  A tormentor (Pan)
  16 freezing wraiths
  8 ice devils
  7 red devils
  6 tengu conjurers
  3 yaktaurs (shapeshifter)
  17 demonic crawlers
  4 hellwings (Pan)
  A catoblepas skeleton (Crypt:3)
  5 trolls
  25 jumping spiders
  2 harpy zombies
  A spriggan skeleton (Depths:2)
  A jumping spider (shapeshifter) (Depths:2)
  12 polar bears
  2 two-headed ogres (shapeshifter)
  A hydra zombie (Crypt:3)
  A queen bee (shapeshifter) (Vaults:4)
  5 bog bodies
  10 two-headed ogres
  4 giant leeches
  Grinder (D:4)
  7 boulder beetles
  A snapping turtle (shapeshifter) (Elf:3)
  4 raiju
  A satyr zombie (Crypt:1)
  A blink frog (shapeshifter) (D:15)
  16 blink frogs
  24 flying skulls (Crypt:3)
  8 water elementals
  7 wraiths
  An ice dragon skeleton (Crypt:3)
  An alligator skeleton (Crypt:3)
  A redback (shapeshifter) (Vaults:5)
  2 shadows
  13 ynoxinuls
  7 air elementals
  51 redbacks
  32 tarantellas
  2 wyverns
  35 yaks
  A yak (shapeshifter) (Vaults:2)
  A vampire (Abyss:3)
  A wyvern (shapeshifter) (Depths:4)
  A black mamba skeleton (Crypt:2)
  5 fire elementals
  A human (shapeshifter) (Vaults:1)
  3 hungry ghosts
  Eustachio (D:4)
  5 basilisks
  A golden eye (shapeshifter) (D:15)
  A hippogriff (shapeshifter) (Vaults:1)
  A hog (shapeshifter) (D:14)
  A human (D:8)
  8 neqoxecs
  4 swamp worm simulacra (Swamp:4)
  11 hippogriffs
  13 vampire mosquitoes
  Edmund (D:6)
  8 chaos spawn
  A mottled dragon (Vaults:2)
  A spatial vortex (Abyss:3)
  A naga (Abyss:4)
  18 swamp worms
  4 wargs
  A merfolk zombie (Crypt:1)
  A deep troll zombie (Crypt:1)
  13 insubstantial wisps
  14 hydra simulacra (Swamp:4)
  A hell hound (shapeshifter) (Vaults:3)
  8 porcupines
  A giant eyeball (Depths:2)
  3 hell hounds
  2 giant eyeballs (shapeshifter)
  9 water moccasins
  2 swamp drakes
  10 ice beasts
  22 orc warriors
  A slave (D:4)
  A black bear (shapeshifter) (Depths:1)
  5 wasps
  A water nymph skeleton (Crypt:1)
  2 eyes of draining
  An eye of draining (shapeshifter) (Vaults:3)
  5 necrophages
  A phantom (D:11)
  2 sky beasts
  4 starcursed masses (Abyss:3)
  2 black bears
  21 boggarts
  13 centaurs
  26 ogres
  A hog zombie (Crypt:2)
  15 crocodiles
  16 wolves
  A big kobold (Vaults:3)
  A rime drake zombie (Crypt:1)
  3 deep troll simulacra
  2 earth elementals
  16 giant frogs
  A wyvern zombie (Crypt:1)
  A wyvern skeleton (D:13)
  2 scorpions (shapeshifter)
  2 scorpions
  6 killer bees (D:14)
  4 electric eels
  2 human simulacra
  4 wights
  A howler monkey (shapeshifter) (Vaults:2)
  5 howler monkeys
  2 lava snakes (D:15)
  12 crimson imps
  5 giant frog zombies
  A human zombie (Crypt:3)
  3 jellies
  11 orc priests
  28 orc wizards
  2 giant frog skeletons
  5 hounds
  3 iron imps
  4 centaur skeletons
  7 iguanas
  A black bear skeleton (Crypt:1)
  7 worker ants
  13 sheep
  A mottled dragon zombie (Crypt:2)
  An ogre skeleton (Crypt:1)
  A hound zombie (D:8)
  2 hound skeletons
  A howler monkey zombie (D:5)
  11 gnolls
  15 adders
  A howler monkey skeleton (D:4)
  33 river rats
  3 shadow imps (D:8)
  A white imp (D:8)
  4 swamp drake simulacra (Swamp:4)
  2 adder skeletons
  A worm (D:5)
  2 dart slugs
  3 giant geckos
  99 orcs
  3 ball pythons
  11 giant cockroaches
  10 goblins
  3 hobgoblins
  10 jackals
  5 quokkas
  A bat (shapeshifter) (D:14)
  7 bats
  A jackal skeleton (Crypt:2)
  16 kobolds
  A kobold zombie (Crypt:2)
  A quokka skeleton (D:8)
  A quokka zombie (D:5)
  2 rats (D:1)
  3 crawling corpses
  A fire vortex (Vaults:4)
  A fungus (Lair:8)
  A plant (Depths:4)
  A starspawn tentacle (Abyss:3)
  3 tentacles (Abyss:1)
2182 creatures vanquished.

Vanquished Creatures (collateral kills)
  A Tzitzimitl (Pan)
  A Hellbinder (WizLab)
  Asterion (Elf:1)
  A deep elf blademaster (Elf:3)
  An Executioner (Pan)
  Gastronok (Lair:1)
  A tengu reaver (Vaults:5)
  A frost giant (Depths:3)
  A fire giant (Depths:5)
  3 vault wardens
  An emperor scorpion (Spider:4)
  A corrupter (Pan)
  A ghoul (Vaults:3)
  A deep elf sorcerer (Elf:3)
  2 ironheart preservers (Vaults:2)
  2 stone giants
  A war gargoyle (Vaults:5)
  7 very ugly things
  4 deep elf elementalists (Elf:3)
  3 apis (Pan)
  3 deep elf annihilators
  3 spark wasps (Depths:2)
  A salamander stormcaller (Vaults:5)
  A dire elephant (Lair:4)
  A lorocyproca (Pan)
  3 ettins
  A deep elf death mage (Elf:3)
  A deep elf high priest (Elf:3)
  A fire dragon (Vaults:2)
  4 vault guards
  The ghost of Zargon the Severer, a journeyman HOAK of Lugonu (Lair:1)
  An entropy weaver (Depths:3)
  A great orb of eyes (Depths:3)
  A rakshasa (Depths:2)
  3 hydras
  3 centaur warriors
  2 monstrous demonspawn (Pan)
  A death knight (Vaults:3)
  2 ogre magi (Vaults:2)
  A deep troll earth mage (Depths:4)
  A dancing weapon (Elf:2)
  8 death yaks
  2 deep troll shamans (Depths:3)
  Sonja (Lair:1)
  3 deep elf knights
  2 sun demons
  A skeletal warrior (Crypt:3)
  A soul eater (Pan)
  A hell knight (Depths:4)
  A shadow wraith (Vaults:5)
  6 deep trolls
  A giant orange brain (shapeshifter) (Elf:2)
  A torturous demonspawn (Pan)
  An ironbrand convoker (Vaults:2)
  A cherub (Pan)
  2 deep elf archers
  A phantasmal warrior (Vaults:5)
  A putrid demonspawn (Pan)
  3 large abominations
  9 deep elf magi
  A wolf spider (Spider:4)
  6 orb spiders
  A cyclops (Orc:2)
  8 ugly things
  A sixfirhy (Pan)
  A fire giant skeleton (Depths:2)
  4 elephants
  A smoke demon (Pan)
  An iron giant simulacrum (Depths:2)
  5 vault sentinels
  2 orange demons (Pan)
  4 spiny frogs
  A komodo dragon (Lair:2)
  2 freezing wraiths (Vaults:3)
  2 yaktaurs
  3 hellwings
  A red devil (Lair:8)
  A polar bear (IceCv)
  A two-headed ogre (Vaults:2)
  4 jumping spiders
  6 blink frogs
  8 slime creatures
  10 redbacks
  A wraith (Lair:6)
  5 starcursed masses (Abyss:3)
  2 ynoxinuls (Pan)
  6 tarantellas
  7 yaks
  2 basilisks
  A basilisk (shapeshifter) (Vaults:2)
  A chaos spawn (Pan)
  A warg (Orc:1)
  2 porcupines
  2 water moccasins (Lair:7)
  2 ice beasts (Lair:8)
  2 ogres (Vaults:2)
  A necrophage (Crypt:3)
  5 wolves
  3 crocodiles (Lair:7)
  A centaur (Depths:3)
  A big kobold (D:12)
  A giant frog (Lair:3)
  An earth elemental (Lab)
  2 scorpions
  2 wights (D:6)
  An electric eel (Lair:4)
  2 orc priests
  4 sheep (Lair:4)
  12 river rats
  3 orcs
  3 kobolds
  A butterfly (Lair:4)
  A crawling corpse (Elf:3)
  3 fire vortices (Vaults:4)
  A lost soul (Crypt:3)
  A plant (Lair:6)
  A starspawn tentacle (Abyss:3)
275 creatures vanquished.

Vanquished Creatures (others)
  43 eldritch tentacles
  2 deep trolls
  A spatial maelstrom (Abyss:1)
  A smoke demon (Abyss:4)
  A polar bear (IceCv)
  A bog body (Swamp:4)
  3 slime creatures (Vaults:1)
  A yak (IceCv)
  A giant eyeball (shapeshifter) (Elf:1)
  An orc warrior (Elf:1)
  A wasp (Spider:4)
  2 boggarts
  A giant gecko (D:4)
  2 orcs (Elf:1)
  A hobgoblin (D:4)
  A kobold (Vaults:3)
  3450 eldritch tentacle segments
  2 fire vortices
  6 fungi (Lair:8)
  5 lost souls
  21 plants
  7 starspawn tentacles
  60 starspawn tentacle segments (Abyss:3)
  A tentacle (Abyss:1)
  128 tentacle segments (Abyss:1)
3743 creatures vanquished.

Grand Total: 6200 creatures vanquished

Notes
Turn   | Place    | Note
--------------------------------------------------------------
     0 | D:1      | Ryco the Octopode Transmuter began the quest for the Orb.
     0 | D:1      | Reached XP level 1. HP: 13/13 MP: 3/3
    74 | D:1      | Reached XP level 2. HP: 18/18 MP: 3/5
    78 | D:1      | Learned a level 2 spell: Sticks to Snakes
   334 | D:1      | Reached XP level 3. HP: 16/23 MP: 0/6
   663 | D:2      | Learned a level 3 spell: Spider Form
   719 | D:2      | Found an oddly glowing altar of Pakellas.
   721 | D:2      | Found a sparkling altar of Nemelex Xobeh.
   726 | D:2      | Found an ancient bone altar of Kikubaaqudgha.
   747 | D:2      | Found a shattered altar of Ashenzari.
   848 | D:2      | Reached XP level 4. HP: 19/28 MP: 3/7
  1174 | D:2      | Found a burning altar of Makhleb.
  1175 | D:2      | Found a glowing silver altar of Zin.
  1175 | D:2      | Noticed an angel
  1176 | D:2      | Noticed a blizzard demon
  1178 | D:2      | Became a worshipper of Makhleb the Destroyer
  1380 | D:3      | Found a faded altar to an unknown god.
  1762 | D:4      | Noticed a slave
  2066 | D:3      | Reached XP level 5. HP: 25/34 MP: 4/8
  2241 | D:3      | Reached * piety under Makhleb
  2463 | D:3      | Reached XP level 6. HP: 39/39 MP: 3/10
  2545 | D:3      | Learned a level 4 spell: Ice Form
  2584 | D:4      | Noticed Pikel
  2594 | D:4      | Killed a slave
  2615 | D:4      | Noticed a slave
  2619 | D:4      | Noticed a slave
  2631 | D:4      | Killed Pikel
  2631 | D:4      | Reached skill level 5 in Transmutations
  2631 | D:4      | Reached XP level 7. HP: 5/45 MP: 6/11
  2947 | D:4      | Noticed Eustachio
  2960 | D:4      | Noticed Grinder
  2987 | D:4      | Paralysed by Grinder for 5 turns
  3005 | D:4      | Killed Grinder
  3330 | D:4      | Killed Eustachio
  3330 | D:4      | Reached XP level 8. HP: 52/52 MP: 5/13
  3537 | D:4      | Noticed Edmund
  3633 | D:4      | Found a staircase to the Ecumenical Temple.
  3858 | D:5      | Entered Level 5 of the Dungeon
  3891 | D:5      | Reached ** piety under Makhleb
  4676 | D:6      | Learned a level 5 spell: Blade Hands
  4718 | D:6      | Reached skill level 1 in Invocations
  4871 | D:6      | Reached skill level 5 in Dodging
  5013 | D:6      | Reached XP level 9. HP: 42/57 MP: 15/15
  5367 | D:6      | Killed Edmund
  5393 | D:5      | Learned a level 2 spell: Repel Missiles
  5464 | D:6      | Reached skill level 5 in Spellcasting
  5475 | D:6      | Reached skill level 5 in Unarmed Combat
  5604 | D:6      | Reached *** piety under Makhleb
  5838 | D:7      | Found Imoam's Weapon Boutique.
  6189 | D:7      | Reached **** piety under Makhleb
  6419 | D:8      | Reached XP level 10. HP: 64/64 MP: 18/18
  6705 | D:8      | Reached ***** piety under Makhleb
  6770 | D:8      | Found a shimmering altar of Xom.
  7448 | D:9      | Reached skill level 5 in Fighting
  7748 | D:9      | Found a staircase to the Lair.
  8356 | D:9      | Got a jewelled buckler
  8363 | D:9      | Identified the +4 buckler of Shielding {rF+} (You found it on level 9 of the Dungeon)
  8420 | D:9      | Reached skill level 1 in Shields
  8696 | D:10     | Entered Level 10 of the Dungeon
  8697 | D:10     | Noticed Twogk's ghost (journeyman GrGl)
  8781 | Lair:1   | Entered Level 1 of the Lair of Beasts
  8800 | Lair:1   | Noticed Sonja
  8812 | Lair:1   | Killed Sonja
  8847 | Lair:1   | Noticed Gastronok
  8862 | Lair:1   | Killed Gastronok
  8862 | Lair:1   | Reached XP level 11. HP: 36/70 MP: 20/20
  8960 | Lair:1   | Noticed Zargon's ghost (journeyman HOAK)
  8986 | Lair:1   | Killed Zargon's ghost
  9465 | Lair:2   | Found an iron altar of Okawaru.
  9728 | Lair:2   | Noticed a seven-headed hydra
  9741 | Lair:2   | Killed a seven-headed hydra
 10161 | Lair:3   | Found a labyrinth entrance.
 10194 | Lab      | Entered a labyrinth
 11231 | Lab      | Noticed a minotaur
 11243 | Lab      | Killed a minotaur
 11255 | Lab      | Identified a +6 rod of inaccuracy (13/13) (You found it in a labyrinth)
 11266 | Lab      | Learned a level 7 spell: Malign Gateway
 11395 | Lair:3   | Reached skill level 1 in Translocations
 11452 | Lair:3   | Found a hole to the Spider Nest.
 11620 | Lair:3   | Reached skill level 1 in Summonings
 11849 | Lair:4   | Reached skill level 10 in Dodging
 11932 | Lair:4   | Reached XP level 12. HP: 19/78 MP: 23/23
 12290 | Lair:4   | Noticed a death yak
 12296 | Lair:4   | Noticed a death yak
 12297 | Lair:4   | Noticed a death yak
 12299 | Lair:4   | Noticed a death yak
 12300 | Lair:4   | Killed a death yak
 12300 | Lair:4   | Reached skill level 2 in Translocations
 12308 | Lair:4   | Killed a death yak
 12326 | Lair:4   | Killed a death yak
 12336 | Lair:4   | Killed a death yak
 13052 | Lair:4   | Noticed a four-headed hydra
 13063 | Lair:4   | Killed a four-headed hydra
 13063 | Lair:4   | Reached skill level 3 in Translocations
 13158 | Lair:4   | Noticed a dire elephant
 13189 | Lair:4   | Killed a dire elephant
 13771 | Lair:4   | Found a staircase to the Swamp.
 14508 | Lair:5   | Reached skill level 4 in Translocations
 14826 | Lair:5   | Learned a level 7 spell: Dragon Form
 14873 | Lair:5   | Reached XP level 13. HP: 70/84 MP: 25/25
 15280 | Lair:6   | Noticed Josephine
 15330 | Lair:6   | Killed Josephine
 16180 | Lair:7   | Reached skill level 10 in Transmutations
 16516 | Lair:7   | Reached skill level 10 in Spellcasting
 16762 | Lair:8   | Entered Level 8 of the Lair of Beasts
 16976 | Lair:8   | Found a frozen archway.
 16997 | Lair:8   | Reached XP level 14. HP: 90/90 MP: 28/28
 17011 | IceCv    | Entered an ice cave
 17475 | IceCv    | Noticed a white draconian
 17518 | IceCv    | Killed a white draconian
 17719 | Lair:8   | Found a sacrificial altar of Ru.
 17814 | Lair:8   | Found a viscous altar of Jiyva.
 17814 | Lair:8   | Found a staircase to the Slime Pits.
 17872 | Lair:8   | Noticed a dire elephant
 17881 | Lair:8   | Killed a dire elephant
 17959 | Lair:8   | Found a burning altar of Makhleb.
 17960 | Lair:8   | Noticed Nessos
 17977 | Lair:8   | Killed Nessos
 18257 | Lair:8   | Found a gateway to Hell.
 18889 | D:10     | Killed Twogk's ghost
 19145 | D:10     | Reached XP level 15. HP: 95/95 MP: 29/29
 19790 | D:11     | Found Nonin's Jewellery Emporium.
 19801 | D:11     | Bought the ring of the Madman {Int+3 Dex+2} for 353 gold pieces
 20215 | D:12     | Reached ****** piety under Makhleb
 20224 | D:12     | Noticed Maud
 20230 | D:12     | Killed Maud
 20356 | D:12     | Reached skill level 5 in Translocations
 20447 | D:12     | Found Inidoi's Armour Emporium.
 20457 | D:12     | Found a staircase to the Orcish Mines.
 20460 | D:12     | Found Tesunylo's Weapon Emporium.
 20499 | Orc:1    | Entered Level 1 of the Orcish Mines
 20499 | Orc:1    | Noticed Nergalle
 20504 | Orc:1    | Killed Nergalle
 20827 | Orc:2    | Entered Level 2 of the Orcish Mines
 20837 | Orc:2    | Found Tusezeng's Jewellery Shoppe.
 20860 | Orc:2    | Noticed Azrael
 20880 | Orc:2    | Killed Azrael
 20901 | Orc:2    | Found Ogam's Antique Weapon Emporium.
 21002 | Orc:2    | Found Ruoniyng's Food Emporium.
 21201 | Orc:2    | Found Roroweow's Antique Armour Emporium.
 21218 | Orc:2    | Bought a runed hat for 124 gold pieces
 21295 | Orc:2    | Found a staircase to the Elven Halls.
 21297 | Orc:2    | Found Liegum's General Store.
 21310 | Orc:2    | Reached skill level 5 in Summonings
 21365 | Orc:2    | Bought the ring "Lorph" {+Fly Str+4 Dex+4} for 495 gold pieces
 21365 | Orc:2    | Bought the ring of Fuviasa {rPois MR+ Dex+2} for 441 gold pieces
 21404 | Orc:2    | Bought the ring "Etror" {MR+ AC+2} for 316 gold pieces
 21406 | Orc:2    | Bought a +2 ring of slaying for 294 gold pieces
 21908 | Swamp:1  | Entered Level 1 of the Swamp
 22355 | Swamp:1  | Gained mutation: You possess an exceptional clarity of mind. [potion of mutation]
 22355 | Swamp:1  | Gained mutation: You are partially covered in molten scales (AC +1). [potion of mutation]
 22355 | Swamp:1  | Gained mutation: You are weak. (Str -2) [potion of mutation]
 22418 | Swamp:2  | Reached skill level 6 in Translocations
 22725 | Swamp:3  | Gained mutation: You are frail (-10% HP). [potion of mutation]
 22725 | Swamp:3  | Gained mutation: You occasionally shout uncontrollably at your foes. [potion of mutation]
 22726 | Swamp:3  | Lost mutation: You are frail (-10% HP). [potion of cure mutation]
 22726 | Swamp:3  | Lost mutation: You occasionally shout uncontrollably at your foes. [potion of cure mutation]
 22726 | Swamp:3  | Lost mutation: You possess an exceptional clarity of mind. [potion of cure mutation]
 22726 | Swamp:3  | Lost mutation: You are weak. (Str -2) [potion of cure mutation]
 22767 | Swamp:3  | Reached skill level 10 in Unarmed Combat
 22850 | Swamp:3  | Reached XP level 16. HP: 105/105 MP: 22/30
 22887 | Swamp:3  | Learned a level 4 spell: Passage of Golubria
 23030 | Swamp:4  | Entered Level 4 of the Swamp
 23353 | Swamp:4  | Got a decaying rune of Zot
 23463 | Swamp:4  | Reached skill level 7 in Translocations
 23482 | Swamp:4  | Gained mutation: You evolve. [potion of beneficial mutation]
 23857 | Spider:1 | Entered Level 1 of the Spider Nest
 23942 | Spider:1 | Noticed Louise
 23949 | Spider:1 | Killed Louise
 24014 | Spider:1 | Reached skill level 8 in Translocations
 24020 | Spider:1 | Identified Sif Muna's Guide on the Damaging Traveller
 24064 | Spider:1 | Learned a level 2 spell: Blink
 24264 | Spider:1 | Reached skill level 9 in Translocations
 24489 | Spider:2 | Reached XP level 17. HP: 112/112 MP: 25/31
 24511 | Spider:2 | Noticed Roxanne
 24536 | Spider:2 | Killed Roxanne
 24538 | Spider:2 | Identified Roxanne's Tome of Transmigration (You took it off Roxanne on level 2 of the Spider Nest)
 24546 | Spider:2 | Learned a level 6 spell: Statue Form
 24724 | Spider:3 | Reached skill level 10 in Translocations
 25347 | Spider:3 | Reached skill level 10 in Summonings
 25387 | Spider:4 | Entered Level 4 of the Spider Nest
 25558 | Spider:4 | Noticed Arachne
 25617 | Spider:4 | Killed Arachne
 25617 | Spider:4 | Reached skill level 11 in Translocations
 26179 | Spider:4 | Reached skill level 12 in Translocations
 26302 | Spider:4 | Reached XP level 18. HP: 118/118 MP: 23/32
 26505 | Spider:4 | Got a gossamer rune of Zot
 27294 | D:13     | Identified Lium's Reference Book on Displaced Evil
 27497 | D:13     | Noticed Erolcha
 27503 | D:13     | Killed Erolcha
 27880 | D:14     | Found a gate to the Vaults.
 28143 | D:15     | Entered Level 15 of the Dungeon
 28290 | D:15     | Reached skill level 13 in Translocations
 28322 | D:15     | Found a staircase to the Depths.
 28785 | Elf:1    | Entered Level 1 of the Elven Halls
 28808 | Elf:1    | Noticed Asterion
 28836 | Elf:1    | Killed Asterion
 29352 | Elf:1    | Learned a level 8 spell: Controlled Blink
 29522 | Elf:1    | Reached skill level 1 in Earth Magic
 29664 | Elf:1    | Identified a +0 rod of clouds (9/9) (You took it off an orc priest on level 1 of the Elven Halls)
 29674 | Elf:1    | Reached skill level 14 in Translocations
 30042 | Elf:2    | Reached XP level 19. HP: 124/124 MP: 28/34
 30078 | Elf:2    | Found Tenumel's Distillery.
 30106 | Elf:2    | Bought a potion of might for 64 gold pieces
 30106 | Elf:2    | Bought a potion of haste for 160 gold pieces
 30106 | Elf:2    | Bought a potion of resistance for 160 gold pieces
 30106 | Elf:2    | Bought a potion of haste for 160 gold pieces
 30106 | Elf:2    | Bought a potion of agility for 64 gold pieces
 30106 | Elf:2    | Bought a potion of resistance for 160 gold pieces
 30106 | Elf:2    | Bought a potion of heal wounds for 80 gold pieces
 30106 | Elf:2    | Bought 2 potions of brilliance for 128 gold pieces
 30106 | Elf:2    | Bought a potion of magic for 128 gold pieces
 30106 | Elf:2    | Bought a potion of invisibility for 128 gold pieces
 30106 | Elf:2    | Bought a potion of agility for 64 gold pieces
 30106 | Elf:2    | Bought a potion of agility for 64 gold pieces
 30106 | Elf:2    | Bought a potion of curing for 48 gold pieces
 30172 | Elf:2    | Found a huge runed gate.
 30172 | Elf:2    | Found a huge runed gate.
 30172 | Elf:2    | Found a huge runed gate.
 30172 | Elf:2    | Found a huge runed gate.
 30176 | Elf:2    | Found a huge runed gate.
 30260 | Elf:2    | HP: 6/186 [battleaxe of chopping (28)]
 31140 | Elf:3    | Entered Level 3 of the Elven Halls
 31152 | Elf:3    | Found Gimmuhiro's Book Boutique.
 31196 | Elf:3    | Found Haheteo's General Store.
 31204 | Elf:3    | Bought a scroll of blinking for 90 gold pieces
 31204 | Elf:3    | Bought a potion of invisibility for 96 gold pieces
 31297 | Elf:3    | Found Uzaojah's Book Shoppe.
 31383 | Elf:3    | Found Agod's Magic Scroll Boutique.
 31389 | Elf:3    | Bought a scroll of fog for 34 gold pieces
 31389 | Elf:3    | Bought a scroll of amnesia for 59 gold pieces
 31608 | Elf:3    | Reached skill level 1 in Stealth
 31723 | Elf:3    | Noticed an Ice Fiend
 31846 | Elf:3    | Identified the Tome of the Lonely Wars
 31901 | Elf:3    | Identified Gaggonecs's Almanac of Lucky Dislocation
 31904 | Elf:3    | Learned a level 1 spell: Apportation
 31992 | Elf:3    | Identified the Catalogue of Dusty Toxins
 32088 | Elf:1    | Gained mutation: You have an increased reservoir of magic (+10% MP). [evolution]
 32214 | Vaults:1 | Entered Level 1 of the Vaults
 32611 | Vaults:1 | Reached skill level 15 in Translocations
 32831 | Vaults:1 | Reached XP level 20. HP: 132/132 MP: 32/39
 33068 | Vaults:1 | Found a gateway to a bazaar.
 33077 | Bazaar   | Entered a bazaar
 33079 | Bazaar   | Found Laosotz's Weapon Boutique.
 33083 | Bazaar   | Found Cudov's Food Boutique.
 33083 | Bazaar   | Found Woetz's Antique Weapon Boutique.
 33083 | Bazaar   | Found Xiann's Distillery.
 33089 | Bazaar   | Bought a potion of berserk rage for 90 gold pieces
 33089 | Bazaar   | Bought a potion of berserk rage for 90 gold pieces
 33089 | Bazaar   | Bought a potion of agility for 72 gold pieces
 33518 | Vaults:2 | Reached skill level 16 in Translocations
 33804 | Vaults:2 | Found Linlok's Gadget Shoppe.
 34072 | Vaults:2 | Reached skill level 17 in Translocations
 34621 | Vaults:3 | Found a sacrificial altar of Ru.
 34964 | Vaults:3 | Noticed a bone dragon
 34974 | Vaults:3 | Killed a bone dragon
 34980 | Vaults:3 | Found a staircase to the Crypt.
 35077 | Vaults:3 | Reached skill level 18 in Translocations
 35576 | Vaults:3 | Reached XP level 21. HP: 136/136 MP: 33/41
 35850 | Vaults:4 | Found Kiomaf's Gadget Boutique.
 35913 | Vaults:4 | Reached skill level 19 in Translocations
 36131 | Vaults:4 | Found Yparhun's Antique Armour Emporium.
 36139 | Vaults:4 | Bought a glowing buckler for 189 gold pieces
 36180 | Vaults:4 | Found Nosaxyw's Magic Scroll Emporium.
 36619 | Vaults:4 | Learned a level 7 spell: Ring of Flames
 36625 | Vaults:4 | Reached skill level 5 in Invocations
 36644 | Vaults:4 | Reached skill level 10 in Fighting
 36860 | Vaults:4 | Reached skill level 1 in Charms
 36898 | Vaults:4 | Found Xeag's Assorted Antiques.
 36906 | Vaults:4 | Bought a potion of curing for 84 gold pieces
 37018 | Vaults:5 | Entered Level 5 of the Vaults
 37032 | Vaults:4 | Reached skill level 1 in Fire Magic
 37143 | Vaults:5 | Reached XP level 22. HP: 144/144 MP: 42/42
 37163 | Vaults:5 | Reached skill level 20 in Translocations
 37262 | Vaults:5 | Found Zaifut's Magic Scroll Emporium.
 37278 | Vaults:5 | Found Gizulir's Distillery.
 37282 | Vaults:5 | Bought a potion of heal wounds for 105 gold pieces
 37289 | Vaults:5 | Found Itrot's Food Boutique.
 37553 | Vaults:5 | Noticed an ancient lich
 37565 | Vaults:5 | Killed an ancient lich
 37659 | Vaults:5 | Got a silver rune of Zot
 37734 | Vaults:5 | Identified the Reference Book on the Freezing Escort (You found it on level 5 of the Vaults)
 37849 | Vaults:5 | Identified the Disquisition on Curses and Good Luck
 37933 | Vaults:5 | Noticed Wiglaf
 37939 | Vaults:5 | Killed Wiglaf
 37994 | Vaults:5 | Reached skill level 5 in Charms
 38140 | Vaults:5 | Reached skill level 5 in Fire Magic
 38275 | Vaults:5 | Reached XP level 23. HP: 152/152 MP: 43/43
 38277 | Vaults:5 | Noticed a golden dragon
 38287 | Vaults:5 | Killed a golden dragon
 38781 | Elf:3    | Bought a manual of Dodging for 1545 gold pieces
 39154 | Crypt:1  | Entered Level 1 of the Crypt
 39243 | Crypt:1  | Learned a level 5 spell: Aura of Abjuration
 39324 | Crypt:2  | Found a magical portal.
 39327 | WizLab   | Entered The Hall of Bomp the Hellbinder
 39598 | WizLab   | Reached skill level 15 in Dodging
 39945 | WizLab   | Found a burning altar of Makhleb.
 39965 | WizLab   | Identified Sif Muna's Handbook of Creation
 39968 | WizLab   | Identified Xipneh's Reference Book on Creation
 40000 | WizLab   | Learned a level 3 spell: Regeneration
 41295 | Crypt:3  | Entered Level 3 of the Crypt
 41428 | Crypt:3  | Found a staircase to the Tomb.
 41680 | Crypt:3  | Found an ancient bone altar of Kikubaaqudgha.
 41681 | Crypt:3  | Noticed an ancient lich
 41687 | Crypt:3  | Killed an ancient lich
 41937 | Crypt:3  | Reached XP level 24. HP: 159/159 MP: 44/44
 41981 | Crypt:3  | Got a pitted bronze ring
 41992 | Crypt:3  | Identified the ring "Moejukhli" {rPois rF+ rN+ Int+3} (You found it on level 3 of the Crypt)
 41997 | Crypt:3  | Got a steaming marble ring
 41997 | Crypt:3  | Got a translucent jade ring
 41999 | Crypt:3  | Identified the ring "Duecu" {rPois rN+ MR- Dex+2 Stlth+} (You found it on level 3 of the Crypt)
 42000 | Crypt:3  | Identified the ring "Wustoz" {*Contam +Blink +Fly rElec rN+} (You found it on level 3 of the Crypt)
 42419 | Depths:1 | Entered Level 1 of the Depths
 42840 | Vaults:1 | Gained mutation: You possess an exceptional clarity of mind. [evolution]
 43034 | Vaults:5 | Bought a scroll of acquirement for 728 gold pieces
 43034 | Vaults:5 | Bought a scroll of acquirement for 728 gold pieces
 43034 | Vaults:5 | Bought a scroll of magic mapping for 49 gold pieces
 43034 | Vaults:5 | Bought a scroll of fear for 49 gold pieces
 43044 | Vaults:5 | Got a pitted tin ring
 43045 | Vaults:5 | Identified the ring "Kudemny" {rF- MR+ Dex+6} (You acquired it on level 5 of the Vaults)
 43674 | Depths:1 | Noticed Aizul
 43689 | Depths:1 | Killed Aizul
 43984 | Depths:2 | Found a gateway to a ziggurat.
 44062 | Depths:2 | Reached skill level 10 in Invocations
 44093 | Depths:2 | Found a one-way gate leading to the halls of Pandemonium.
 44409 | Depths:2 | Paralysed by a giant eyeball for 4 turns
 44467 | Depths:2 | Noticed Jorgrun
 44472 | Depths:2 | Killed Jorgrun
 44911 | Depths:3 | HP: 9/240 [white very ugly thing (51)]
 44912 | Depths:3 | Reached XP level 25. HP: 36/165 MP: 30/45
 45248 | Depths:3 | Found Koyr's Assorted Antiques.
 45256 | Depths:3 | Bought a scroll of identify for 48 gold pieces
 45375 | Depths:3 | Found a one-way gate to the infinite horrors of the Abyss.
 45417 | Depths:3 | Voluntarily entered the Abyss.
 45417 | Abyss:1  | Found a corrupted altar of Lugonu.
 45456 | Abyss:1  | Found a viscous altar of Jiyva.
 45583 | Abyss:2  | Found a corrupted altar of Lugonu.
 45661 | Abyss:3  | Paralysed by accursed screaming for 1 turns
 45831 | Abyss:3  | Gained mutation: You are dopey. (Int -2) [a neqoxec]
 45949 | Abyss:4  | Found a corrupted altar of Lugonu.
 46034 | Abyss:4  | Found a glowing golden altar of the Shining One.
 46067 | Abyss:4  | Got an abyssal rune of Zot
 46277 | Abyss:4  | Reached skill level 10 in Fire Magic
 46296 | Depths:3 | Escaped the Abyss
 46414 | Depths:4 | Noticed an ancient lich
 46500 | Depths:4 | Killed an ancient lich
 46500 | Depths:4 | Reached skill level 10 in Charms
 46530 | Depths:4 | Reached skill level 15 in Unarmed Combat
 46583 | Depths:4 | Reached XP level 26. HP: 171/171 MP: 36/45
 46621 | Depths:4 | Learned a level 6 spell: Shadow Creatures
 46626 | Depths:4 | Found Plog's Magic Scroll Shoppe.
 46636 | Depths:4 | Bought a scroll of teleportation for 45 gold pieces
 46636 | Depths:4 | Bought a scroll of teleportation for 45 gold pieces
 46636 | Depths:4 | Bought a scroll of recharging for 142 gold pieces
 46636 | Depths:4 | Bought a scroll of teleportation for 45 gold pieces
 46636 | Depths:4 | Bought a scroll of amnesia for 52 gold pieces
 46636 | Depths:4 | Bought a scroll of recharging for 142 gold pieces
 46647 | Depths:4 | Noticed Frederick
 46654 | Depths:4 | Killed Frederick
 46962 | Depths:5 | Entered Level 5 of the Depths
 46977 | Depths:5 | Reached skill level 15 in Spellcasting
 47050 | Pan      | Entered Pandemonium
 47135 | Pan      | Noticed Enaazam the pandemonium lord
 47184 | Pan      | Banished Enaazam the pandemonium lord
 47369 | Pan      | Noticed Mennas
 47384 | Pan      | Killed Mennas
 47421 | Pan      | Gained mutation: You are clumsy. (Dex -2) [a cacodemon]
 47478 | Pan      | Found an exit through the horrors of the Abyss.
 47588 | Pan      | Noticed Agrion the pandemonium lord
 47614 | Pan      | Killed Agrion the pandemonium lord
 47749 | Pan      | Noticed Ton Kuaqa the pandemonium lord
 47760 | Pan      | Killed Ton Kuaqa the pandemonium lord
 47787 | Pan      | Got a demonic rune of Zot
 47790 | Pan      | Identified Micost's Almanac of Mutagenic Snow
 47896 | Pan      | Found an exit through the horrors of the Abyss.
 48200 | Pan      | Gained mutation: Scrolls take you a little longer to read. [a cacodemon]
 48311 | Pan      | Reached XP level 27. HP: 176/176 MP: 41/47
 48663 | Pan      | Noticed Rirauf the pandemonium lord
 48667 | Pan      | HP: 13/264 [Rirauf the pandemonium lord (5)]
 48668 | Pan      | HP: 3/264 [Rirauf the pandemonium lord (4)]
 48974 | Pan      | Noticed Ykhauta the pandemonium lord
 49217 | Pan      | Noticed a seraph
 49231 | Pan      | Found a glowing silver altar of Zin.
 49234 | Pan      | HP: 5/264 [daeva/divine providence (14)]
 49234 | Pan      | Killed from afar by a daeva

Skill      XL: |  1  2  3  4  5  6  7  8  9 10 11 12 13 14 15 16 17 18 19 20 21 22 23 24 25 26 27 |
---------------+----------------------------------------------------------------------------------+-----
Transmutations | 3 4 5 6 7 11 14 | 14.8
Fighting       | 2 3 4 5 6 8 9 10 11 | 11.8
Dodging        | 3 4 5 6 8 10 11 12 13 14 16 18 19 | 19.8
Unarmed Combat | 4 5 6 8 10 11 12 13 14 15 | 15.8
Spellcasting   | 3 4 5 6 7 8 10 11 12 13 14 15 16 | 16.0
Ice Magic      | 2 3 |  3.1
Invocations    | 1 4 6 7 9 10 12 13 | 13.6
Shields        | 6 |  6.0
Translocations | 1 4 6 9 12 14 15 18 19 20 | 20.3
Summonings     | 1 3 5 8 11 13 | 13.7
Earth Magic    | 1 3 |  3.2
Stealth        | 2 |  2.3
Charms         | 2 5 7 8 10 11 | 11.7
Fire Magic     | 2 5 7 9 10 11 | 11.8
Throwing       | |  0.2
Necromancy     | |  0.8
Evocations     | |  0.4

Action                   |  1- 3 |  4- 6 |  7- 9 | 10-12 | 13-15 | 16-18 | 19-21 | 22-24 | 25-27 || total
-------------------------+-------+-------+-------+-------+-------+-------+-------+-------+-------++-------
Melee: Unarmed           |    70 |    79 |   336 |   665 |   986 |   885 |   844 |  1016 |   801 ||  5682
       Constrict         |    13 |     6 |    15 |    20 |    40 |    11 |     6 |     5 |    12 ||   128
       Kick              |     7 |       |       |       |       |       |       |       |       ||     7
       Tentacles         |     9 |     3 |    17 |    14 |    53 |    27 |    17 |    18 |    33 ||   191
       Punch             |       |     4 |     5 |     4 |    47 |    86 |    93 |   131 |   137 ||   507
       Bite              |       |       |       |       |    50 |   108 |   114 |   193 |   118 ||   583
       Tailslap          |       |       |       |       |    51 |   146 |   177 |   230 |   146 ||   750
       Staff             |       |       |       |       |     6 |    15 |     2 |    27 |    22 ||    72
 Fire: Blowgun           |       |       |       |     4 |     7 |       |       |       |       ||    11
Throw: Tomahawk          |       |       |     2 |     3 |       |       |       |       |       ||     5
 Cast: Beastly Appendage |    12 |     1 |       |       |       |       |       |       |       ||    13
       Sticks to Snakes  |     2 |     1 |    32 |    77 |    37 |    40 |    14 |     6 |     1 ||   210
       Spider Form       |     3 |    10 |    33 |    64 |    12 |       |       |       |       ||   122
       Ice Form          |       |       |     3 |    10 |    19 |     6 |       |       |       ||    38
       Blade Hands       |       |       |     2 |     5 |       |       |       |       |       ||     7
       Repel Missiles    |       |       |     1 |     1 |     6 |     8 |    18 |     8 |     3 ||    45
       Dragon Form       |       |       |       |       |    33 |    60 |    55 |    51 |    35 ||   234
       Passage of Golubr |       |       |       |       |       |     4 |       |       |       ||     4
       Statue Form       |       |       |       |       |       |     2 |     1 |       |     5 ||     8
       Blink             |       |       |       |       |       |     3 |     2 |       |       ||     5
       Malign Gateway    |       |       |       |       |       |     1 |    17 |    13 |    15 ||    46
       Controlled Blink  |       |       |       |       |       |       |     1 |     8 |    14 ||    23
       Aura of Abjuratio |       |       |       |       |       |       |       |     7 |    13 ||    20
       Apportation       |       |       |       |       |       |       |       |     6 |    50 ||    56
       Regeneration      |       |       |       |       |       |       |       |     2 |    27 ||    29
       Shadow Creatures  |       |       |       |       |       |       |       |       |     9 ||     9
       Ring of Flames    |       |       |       |       |       |       |       |       |     5 ||     5
Invok: Lesser Servant of |       |       |       |    32 |    36 |    23 |    11 |       |       ||   102
       Greater Servant o |       |       |       |       |       |       |       |     2 |     7 ||     9
 Abil: End Transformatio |       |       |     4 |    11 |    14 |     8 |       |       |     4 ||    41
       Breathe Fire      |       |       |       |       |     9 |    17 |     4 |     5 |     2 ||    37
Evoke: Wand              |       |       |     5 |     3 |     1 |       |       |     2 |       ||    11
       Rod               |       |       |       |     3 |       |       |       |       |       ||     3
  Use: Scroll            |     3 |       |     5 |    25 |    10 |    15 |     4 |    12 |     7 ||    81
       Potion            |       |     2 |     1 |     2 |     7 |    10 |     5 |     2 |     9 ||    38
 Stab: Sleeping          |     4 |       |     6 |     2 |     6 |     2 |     4 |     5 |     1 ||    30
       Distracted        |       |       |     2 |    12 |     7 |     5 |     3 |     5 |     6 ||    40
       Paralysed         |       |       |     6 |     4 |       |       |       |       |       ||    10
       Confused          |       |       |       |     1 |       |       |       |       |       ||     1
       Invisible         |       |       |       |       |       |     3 |       |       |       ||     3
       Petrifying        |       |       |       |       |       |       |       |       |     1 ||     1
  Eat: Chunk             |       |     4 |    11 |     2 |     6 |    19 |     8 |     7 |     1 ||    58
       Royal jelly       |       |     1 |     2 |     1 |     6 |     1 |     1 |       |       ||    12
       Beef jerky        |       |     1 |     1 |     5 |     1 |     3 |       |     1 |     2 ||    14
       Pizza             |       |       |     2 |     6 |     3 |       |       |     1 |       ||    12
       Fruit             |       |       |       |    19 |     3 |     1 |       |     3 |     1 ||    27
       Meat ration       |       |       |       |       |     4 |     2 |     5 |     4 |     6 ||    21
Armor: Skin              |     6 |     4 |     9 |    26 |   205 |   461 |   284 |   395 |   292 ||  1682
Dodge: Dodged            |    44 |    63 |   274 |   652 |   741 |   639 |   490 |   841 |   898 ||  4642
       Deflected         |       |       |       |     6 |    16 |    16 |    44 |    30 |    26 ||   138
Block: Buckler           |       |       |       |    10 |    73 |    51 |    25 |    18 |    93 ||   270
